 Dungeon Crawl Stone Soup version 0.32-a0-571-gec57dfcd37 (webtiles) character file.

Game seed: 3690283828894513725

854 ytrimaz the Chopper (level 8, 0/94 HPs)
             Began as a Coglin Gladiator on Mar 1, 2024.
             Slain by a vampire mosquito (9 damage)
             ... on level 6 of the Dungeon.
             The game lasted 00:04:36 (4262 turns).

ytrimaz the Chopper (Coglin Gladiator)              Turns: 4262, Time: 00:04:37

Health: 0/94       AC: 24    Str: 16    XL:     8   Next: 1%
Magic:  8/8        EV:  2    Int:  8    God:
Gold:   354        SH:  0    Dex: 16    Spells: 7/7 levels left

rFire   . . .        a - +0 war axe {Amaro}
rCold   . . .        h - +3 dagger (venom) {Kanchana}
rNeg    . . .        i - melded +1 ring mail {rC+}
rPois   +            c - melded +1 helmet
rElec   .            (cloak currently unavailable)
rCorr   .            (gloves currently unavailable)
SInv    .            l - melded +2 pair of boots
Will    .....        (no amulet)
Stlth   +            (no ring)
HPRegen 0.35/turn    (no ring)
MPRegen 0.11/turn    (no gizmo)

%: no passive effects
@: tree-form, revving
A: stationary, stasis, torment immunity, boosted hp, off-hand wielding, slow
wielding, warmup strikes, (no jewellery)
a: Invent Gizmo


You were on level 6 of the Dungeon.
You were a tree.
You visited 1 branch of the dungeon, and saw 6 of its levels.

You collected 354 gold pieces.


Innate Abilities, Weirdness & Mutations

You are a tree.
Your roots penetrate the ground, keeping you stationary.
You cannot be teleported.
You are immune to unholy pain and torment.
Your maximum health is greatly increased.
Your equipment is partially melded.
You can wield a second weapon in your off-hand.
It takes a long time for you to wield or remove held weapons.
Your first few attacks do less damage.
((You cannot equip rings or amulets.))


   Skills:
 + Level 5.4 Fighting
 + Level 5.8 Axes
 - Level 1.7 Throwing
 + Level 4.3 Armour
 - Level 2.6 Dodging


You had 7 spell levels left.
You didn't know any spells.
Your spell library contained the following spells:

 Spells                   Type           Power      Damage    Failure   Level
 Summon Small Mammal      Summ           0%         N/A       41%         1
 Scorch                   Fire           0%         2d5       54%         2
 Call Canine Familiar     Summ           0%         N/A       78%         3
 Animate Dead             Necr           0%         N/A       99%         4
 Flame Wave               Conj/Fire      0%         2d4       99%         4
 Summon Blazeheart Golem  Fire/Summ      0%         N/A       99%         4
 Borgnjor's Vile Clutch   Necr/Erth      0%         N/A       100%        5
 Death Channel            Necr           0%         N/A       100%        6
 Summon Cactus Giant      Summ           0%         N/A       100%        6

Inventory:

Hand Weapons
 a - a +0 war axe (weapon) {Amaro}
 f - a +0 dagger {Wolf}
 h - a +3 dagger of venom (offhand) {Kanchana}
   (You took it off a goblin on level 1 of the Dungeon)
Missiles
 e - a javelin
 n - 3 throwing nets
Armour
 b - a +0 leather armour
 c - a +1 helmet (melded)
 i - a +1 ring mail of cold resistance (melded)
   (You found it on level 2 of the Dungeon)
 l - a +2 pair of boots (melded)
   (You found it on level 2 of the Dungeon)
Wands
 d - a wand of light (8) (quivered)
   (You took it off Ijyb on level 4 of the Dungeon)
Scrolls
 g - 4 scrolls of teleportation
 j - a scroll of enchant armour
 m - a scroll of identify
 o - a scroll of poison
 p - a scroll of butterflies
 r - a scroll of enchant weapon
Potions
 q - a potion of enlightenment

Dungeon Overview and Level Annotations

Branches:
Dungeon (6/15) Zot: 26958
 Temple: D:4-7

Altars:
Ru
Zin

#.....#
#..#### #..#
#..######
#.......#
#.#####.# #.
#.# #. ##.##
#. #.♣.# #.
#.#y#.# #.
.........
#####.#.#.#yy#
##...##..# #.#
.# #.# # #.#


You could see 3 vampire mosquitoes.


Message History

A vampire mosquito comes into view.
There are monsters nearby!
You closely miss the adder with your +0 war axe.
You hit the adder with your +3 dagger of venom.
The adder is poisoned.
The adder bites you. x2
The vampire mosquito bites you!
The vampire mosquito draws strength from your injuries! 😕 HP[-12]
You take 12 damage, and now have 51/63 hp.
You closely miss the adder with your +3 dagger of venom.
You slash the adder with your +0 war axe!
You kill the adder!
You miss the vampire mosquito with your +0 war axe.
The vampire mosquito bites you.
The vampire mosquito draws strength from your injuries!
The vampire mosquito bites you!
The vampire mosquito draws strength from your injuries! 😮 HP[-8]
You take 8 damage, and now have 43/63 hp.
You are too injured to fight recklessly!
Unknown command.
The vampire mosquito bites you.
The vampire mosquito draws strength from your injuries!
The vampire mosquito bites you!
* * * LOW HITPOINT WARNING * * *
The vampire mosquito draws strength from your injuries!
You see here an adder corpse. 😨 HP[-12]
You take 12 damage, and now have 31/63 hp.
You are too injured to fight recklessly!
Unknown command.
You are too injured to fight recklessly!
You hit the vampire mosquito with your +0 war axe.
You miss the vampire mosquito with your +3 dagger of venom.
The vampire mosquito closely misses you.
The vampire mosquito bites you!
* * * LOW HITPOINT WARNING * * *
The vampire mosquito draws strength from your injuries! 😨 HP[-10]
You take 10 damage, and now have 21/63 hp.
You miss the vampire mosquito with your +0 war axe.
You barely miss the vampire mosquito with your +3 dagger of venom.
The vampire mosquito barely misses you. x2
Unknown command.
You hit the vampire mosquito with your +0 war axe.
You miss the vampire mosquito with your +3 dagger of venom.
The vampire mosquito bites you.
* * * LOW HITPOINT WARNING * * *
The vampire mosquito draws strength from your injuries!
The vampire mosquito closely misses you. 😨 HP[-3]
You take 3 damage, and now have 18/63 hp.
You hit the vampire mosquito with your +0 war axe.
You hit the vampire mosquito with your +3 dagger of venom.
The vampire mosquito bites you but does no damage.
The vampire mosquito closely misses you.
Unknown command.
Okay, then.
Aiming: Bolt of Light
Press: ? - help, Q - select action, (/) - cycle Shift-Dir - straight line, f - vampire mosquito
Aim: a vampire mosquito (lightly damaged, 53% to hit)
The bolt of light hits the vampire mosquito!
You hear an angry buzzing noise. x2
The vampire mosquito completely misses you.
A vampire mosquito comes into view.
The vampire mosquito bites you but does no damage.
You hear an angry buzzing noise.
Aiming: Bolt of Light
Press: ? - help, Q - select action, (/) - cycle Shift-Dir - straight line, f/p - vampire mosquito
Aim: a vampire mosquito (heavily damaged, 53% to hit)
The bolt of light hits the vampire mosquito!
The vampire mosquito bites you!
* * * LOW HITPOINT WARNING * * *
The vampire mosquito draws strength from your injuries!
The vampire mosquito bites you.
* * * LOW HITPOINT WARNING * * *
The vampire mosquito draws strength from your injuries! 😱 HP[-13]
You take 13 damage, and now have 5/63 hp.
MASSIVE DAMAGE!! (PAUSE) Unknown command.
You turn into a tree.
Your +1 helmet melds into your body.
Your +2 pair of boots melds into your body.
Your +1 ring mail of cold resistance melds into your body.
You feel less resistant to cold.
Your roots penetrate the ground.
The vampire mosquito bites you but does no damage.
A vampire mosquito comes into view.
The vampire mosquito barely misses you. 😱 HP[+4]
You now have 94 max hp (+31).
You regained 4 hp, and now have 9/94 hp.
Aiming: Bolt of Light
Press: ? - help, Q - select action, (/) - cycle Shift-Dir - straight line, f/p - vampire mosquito
Aim: a vampire mosquito (severely damaged, 53% to hit)
The bolt of light hits the vampire mosquito!
You destroy the vampire mosquito!
The vampire mosquito bites you but does no damage.
A vampire mosquito comes into view.
The vampire mosquito bites you!
You die...

Skill      XL: |  1  2  3  4  5  6  7 |
---------------+----------------------+-----
Armour         | 1 2 3 4 |  4.3
Fighting       | 3 4 5 |  5.4
Axes           | 4 5 |  5.8
Throwing       | |  1.7
Dodging        | |  2.6

Action                     |  1- 3 |  4- 6 |  7- 9 || total
---------------------------+-------+-------+-------++-------
  Melee: War axe           |    66 |    72 |    66 ||   204
         Dagger            |    65 |    68 |    57 ||   190
  Throw: Throwing net      |       |     3 |       ||     3
         Javelin           |       |       |     1 ||     1
  Evoke: Wand              |       |       |     3 ||     3
    Use: Potion            |     2 |       |     1 ||     3
         Scroll            |     3 |     5 |     2 ||    10
 Armour: Leather armour    |    40 |       |       ||    40
         Ring mail         |     9 |    58 |    69 ||   136
         Skin              |       |       |     3 ||     3
  Dodge: Dodged            |    53 |    38 |    47 ||   138
         Form:             |       |     1 |       ||     1
         Serpent           |       |     1 |       ||     1

Levels and vault maps discovered:
D:1:      dpeg_arrival_simpleton_c, layout_basic
D:2:      minmay_spotlight, layout_basic, uniq_natasha
D:3:      layout_loops_cross, ebering_dispersal_statue_hall, uniq_terence,
          uniq_jessica
D:4:      layout_gridville, serial_glass, glass_columns_a, glass_columns_a,
          st_stairs_9, uniq_sigmund, uniq_robin, uniq_ijyb
D:5:      layout_basic, chequers_temple_overflow_statue_of_worship,
          serial_rivers, chequers_serial_rivers_small_b,
          chequers_serial_rivers_large_a, chequers_serial_rivers_micro_e,
          chequers_serial_rivers_small_b, chequers_serial_rivers_micro_b,
          chequers_serial_rivers_large_b
D:6:      layout_loops_ring, mainiacjoe_overflow_surrounded_room,
          jmf_multi_god_temple2, okawaru_altar_gauntlet_db, xom_butterflies,
          nicolae_uskayaw_dance_hall, uniq_prince_ribbit1

Notes
Turn   | Place    | Note
-------+----------+-------------------------------------------
     0 | D:1      | ytrimaz the Coglin Gladiator began the quest for the Orb.
     0 | D:1      | Reached XP level 1. HP: 16/16 MP: 1/1
     0 | D:1      | magus.rc [v1.9.6]
   156 | D:1      | Reached XP level 2. HP: 22/22 MP: 2/2
   256 | D:1      | HP: 12/49 [poisoned by a goblin]
   259 | D:1      | HP: 5/33 [poisoned by a goblin]
   413 | D:1      | Reached skill level 1 in Armour
   449 | D:1      | You pick up a book of Unlife and begin reading...
   449 | D:1      | You add the spells Animate Dead, Borgnjor's Vile Clutch and
                  | Death Channel to your library.
   558 | D:1      | Reached XP level 3. HP: 28/28 MP: 3/3
  1161 | D:2      | Noticed Natasha
  1171 | D:2      | Killed Natasha
  1172 | D:2      | Reached skill level 3 in Fighting
  1172 | D:2      | Reached XP level 4. HP: 25/35 MP: 4/4
  1379 | D:2      | Noticed Natasha
  1385 | D:2      | Killed Natasha
  1386 | D:2      | Reached skill level 4 in Axes
  1386 | D:2      | Reached skill level 2 in Armour
  1386 | D:2      | Reached XP level 5. HP: 28/41 MP: 5/5
  1413 | D:2      | Noticed Natasha
  1418 | D:2      | Killed Natasha
  1890 | D:3      | Noticed Terence
  1895 | D:3      | Killed Terence
  1981 | D:3      | Noticed Jessica
  1986 | D:3      | Killed Jessica
  2073 | D:3      | Reached XP level 6. HP: 48/48 MP: 6/6
  2100 | D:3      | You fall into a shaft and drop 2 floors!
  2100 | D:5      | Entered Level 5 of the Dungeon
  2100 | D:5      | Found a sacrificial altar of Ru.
  2100 | D:5      | Found a glowing silver altar of Zin.
  2321 | D:4      | Noticed Sigmund
  2332 | D:4      | Killed Sigmund
  2333 | D:4      | Reached skill level 4 in Fighting
  2333 | D:4      | Reached skill level 3 in Armour
  2679 | D:3      | You pick up a book of Scorching and begin reading...
  2679 | D:3      | You add the spells Scorch, Flame Wave and Summon Cactus
                  | Giant to your library.
  2827 | D:4      | Noticed Ijyb
  2834 | D:4      | Reached skill level 5 in Axes
  2834 | D:4      | Reached XP level 7. HP: 34/55 MP: 7/7
  2919 | D:4      | Killed Ijyb
  3289 | D:4      | Noticed Robin
  3301 | D:4      | Killed Robin
  3727 | D:5      | Reached skill level 5 in Fighting
  3738 | D:5      | Reached skill level 4 in Armour
  3887 | D:5      | You pick up a book of Callings and begin reading...
  3887 | D:5      | You add the spells Summon Small Mammal, Call Canine
                  | Familiar and Summon Blazeheart Golem to your library.
  4039 | D:5      | Reached XP level 8. HP: 63/63 MP: 8/8
  4260 | D:6      | HP: 11/63 [vampire mosquito (7)]
  4260 | D:6      | HP: 5/63 [vampire mosquito (6)]
  4262 | D:6      | Slain by a vampire mosquito

Vanquished Creatures
  Sigmund (D:4)
  A vampire mosquito (D:6)
  A centaur (D:5)
  A phantom (D:5)
  2 scorpions
  A gnoll bouda (D:4)
  2 hounds (D:5)
  Terence (D:3)
  Jessica (D:3)
  Ijyb (D:4)
  Natasha (thrice) (D:2)
  Robin (D:4)
  5 adders
  2 dart slugs
  3 ribbon worms
  An orc (D:4)
  6 ball pythons
  10 bats
  10 endoplasms
  7 giant cockroaches
  19 goblins
  13 hobgoblins
  7 jackals
  5 quokkas
  3 frilled lizards
  8 kobolds
  11 rats
126 creatures vanquished.

Table legend:
 A = Non-vault XP
 B = Vault XP
 C = Vault XP percentage of total XP
 D = Non-vault monster count
 E = Vault monster count
 F = Vault count percentage of total count
                 A         B        C        D         E       F
            +---------+---------+-------+---------+---------+-------
      Total |     938 |     464 |  33.1 |     100 |      26 |  20.6
            +---------+---------+-------+---------+---------+-------
        D:1 |      57 |       0 |   0.0 |      32 |       0 |   0.0
        D:2 |     115 |      47 |  29.0 |      27 |       8 |  22.9
        D:3 |      48 |      77 |  61.6 |      22 |       3 |  12.0
        D:4 |     111 |     340 |  75.4 |       9 |      15 |  62.5
        D:5 |     413 |       0 |   0.0 |       8 |       0 |   0.0
        D:6 |     194 |       0 |   0.0 |       2 |       0 |   0.0
            +---------+---------+-------+---------+---------+-------

Skill      XL: |  1  2  3  4  5  6  7 |
---------------+----------------------+-----
Armour         | 1 2 3 4 |  4.3
Fighting       | 3 4 5 |  5.4
Axes           | 4 5 |  5.8
Throwing       | |  1.7
Dodging        | |  2.6

Action                     |  1- 3 |  4- 6 |  7- 9 || total
---------------------------+-------+-------+-------++-------
  Melee: War axe           |    66 |    72 |    66 ||   204
         Dagger            |    65 |    68 |    57 ||   190
  Throw: Throwing net      |       |     3 |       ||     3
         Javelin           |       |       |     1 ||     1
  Evoke: Wand              |       |       |     3 ||     3
    Use: Potion            |     2 |       |     1 ||     3
         Scroll            |     3 |     5 |     2 ||    10
 Armour: Leather armour    |    40 |       |       ||    40
         Ring mail         |     9 |    58 |    69 ||   136
         Skin              |       |       |     3 ||     3
  Dodge: Dodged            |    53 |    38 |    47 ||   138
         Form:             |       |     1 |       ||     1
         Serpent           |       |     1 |       ||     1

Illustrated notes

Table legend:
 A = Kills in this place as a percentage of kills in the entire game.
 B = Kills by you in this place as a percentage of kills by you in the entire game.
 C = Kills by friends in this place as a percentage of kills by friends in the entire game.
 D = Other kills in this place as a percentage of other kills in the entire game.
 E = Experience gained in this place as a percentage of experience gained in the entire game.
 F = Experience gained in this place divided by the number of levels of this place that you have seen.
                   A       B       C       D       E      F
               +-------+-------+-------+-------+-------+----------------------
         Total | 100.0 | 100.0 |   N/A |   N/A | 100.0 | 233.7
       Dungeon | 100.0 | 100.0 |   N/A |   N/A | 100.0 | 233.7
               +-------+-------+-------+-------+-------+----------------------

Table legend: (Time is in decaauts)
 A = Elapsed time spent in this place.
 B = Non-inter-level travel time spent in this place.
 C = Inter-level travel time spent in this place.
 D = Time resting spent in this place.
 E = Time spent auto-exploring this place.
 F = Levels seen in this place.
 G = Mean time per level.
                   A        B        C        D        E       F      G
               +--------+--------+--------+--------+--------+-----+--------+
         Total |   4357 |   4253 |    104 |    383 |   3109 |   6 |  726.2 |
       Dungeon |   4357 |   4253 |    104 |    383 |   3109 |   6 |  726.2 |
               +--------+--------+--------+--------+--------+-----+--------+

Top non-repeatable levels by time:
     D:1: 1053 daAuts
     D:5: 904 daAuts
     D:2: 848 daAuts
     D:3: 774 daAuts
     D:4: 735 daAuts
     D:6: 40 daAuts
